 Dungeon Crawl Stone Soup version 0.24-a0-254-gf493760 (webtiles) character file.

Game seed: 3761824342226899769

665 Dantiko the Destroyer (level 7, -10/36 HPs)
             Began as a Tengu Conjurer on Apr 18, 2019.
             Mangled by Duvessa
             ... wielding a +0 short sword
              (11 damage)
             ... on level 4 of the Dungeon.
             The game lasted 00:16:23 (4273 turns).

Dantiko the Destroyer (Tengu Conjurer)              Turns: 4273, Time: 00:16:23

Health: -10/36     AC:  4    Str:  8    XL:     7   Next: 57%
Magic:  3/14       EV: 15    Int: 17    God:
Gold:   198        SH:  0    Dex: 15    Spells: 11/14 levels left

rFire    . . .     SeeInvis .   x - +2 morningstar of the Dove {drain, MR++}
rCold    . . .     Gourm    .   (no shield)
rNeg     . . .     Faith    .   j - +0 leather armour
rPois    .         Spirit   .   (helmet restricted)
rElec    .         Reflect  .   s - +0 cloak
rCorr    .         Harm     .   (no gloves)
MR       ++...                  (boots unavailable)
Stlth    ++........             (no amulet)
HPRegen  0.12/turn              (no ring)
MPRegen  0.14/turn              (no ring)

@: flying quickly and evasively, quick
A: beak, talons 3, able to fly
a: Stop Flying


You were on level 4 of the Dungeon.
You were hungry.

You visited 1 branch of the dungeon, and saw 4 of its levels.

You collected 198 gold pieces.

Inventory:

Hand Weapons
 x - the +2 morningstar of the Dove (weapon) {drain, MR++}
   (You found it on level 4 of the Dungeon)

   A truly terrible weapon, it drains the life of those it strikes.
   It affects your resistance to hostile enchantments.
Missiles
 d - 3 javelins (quivered)
Armour
 j - a +0 leather armour (worn)
 s - a +0 cloak (worn)
Wands
 n - a wand of random effects (15)
Scrolls
 b - 3 scrolls of enchant weapon {unknown}
 f - a scroll of teleportation {unknown}
 i - a scroll of fear {unknown}
 k - 5 scrolls of remove curse {unknown}
 l - 3 scrolls of identify {unknown}
 m - 2 scrolls of enchant armour {unknown}
 o - a scroll of immolation {unknown}
 r - a scroll of noise {unknown}
 t - 2 scrolls of amnesia {unknown}
Potions
 a - a potion of resistance {unknown}
 e - a potion of might {unknown}
 g - a potion of heal wounds {unknown}
 h - 7 potions of curing {unknown}
 p - a potion of lignification {unknown}
 q - a potion of haste {unknown}
 u - a potion of flight {unknown}
 w - a potion of mutation {unknown}
Comestibles
 c - 8 rations
 v - 2 chunks of flesh


   Skills:
 + Level 3.5 Dodging
 - Level 2.0 Stealth
 - Level 4.0 Spellcasting
 - Level 10.0 Conjurations


You had 11 spell levels left.
You knew the following spells:

 Your Spells              Type           Power        Failure   Level  Hunger
a - Magic Dart            Conj           ####         1%          1    None
b - Searing Ray           Conj           #####.       1%          2    ##.....

Your spell library contained the following spells:

 Spells                   Type           Power        Failure   Level  Hunger
 Iskenderun's Mystic Bla  Conj           #####...     3%          4    ####...
 Dazzling Spray           Conj/Hex       ###...       9%          3    ###....
 Force Lance              Conj/Tloc      ###.....     28%         4    ####...
 Fulminant Prism          Conj/Hex       ###.......   28%         4    ####...


Dungeon Overview and Level Annotations

Branches:
Dungeon (4/15)
 Temple: D:4-7

Altars:
Cheibriados

Annotations:
D:4 Duvessa


Innate Abilities, Weirdness & Mutations

You have a beak for a mouth.
You have claws for feet.
You can fly continuously.


Message History

Duvessa hits you with a +0 short sword!
Some of the chunks of flesh in your inventory have rotted away.
Casting: Searing Ray (safe; 1% risk of failure)
Confirm with . or Enter, or press ? or * to list all spells.
Aiming: Searing Ray (safe; 1% risk of failure)
Press: ? - help, Shift-Dir - straight line, f/p - Duvessa
Aim: Duvessa, wielding a +0 short sword and wearing a +0 ring mail (severely wounded, berserk, fast, unusually strong)
The searing ray hits Duvessa.
Duvessa is severely wounded. (Press . to maintain the ray.) Duvessa hits you with a +0 short sword.
The searing ray hits Duvessa.
Duvessa is severely wounded.
Duvessa hits you with a +0 short sword!
* * * LOW HITPOINT WARNING * * *
Duvessa closely misses you.
The searing ray hits Duvessa!
Duvessa is almost dead.
Duvessa hits you with a +0 short sword!
You die...

.###.##..#..♣♣♣♣..# #.#
..................# ...
..........##..###.# ...
........#.##.## #.# ...
##.(....#.##.# #.# ..
≈#.(....#..#.# #.# ...
≈#.........#.# #.# ....
≈#...........####.######....
≈#..............@e..........
≈#.).).......####.#.........
≈#...........# ##.#.........
≈#.).........# #.......)....
##...........# #########....
.).........#.... . .
.##....##.##..#..
.##....##.##>.....
.##....##.# ......


You could see Duvessa (berserk).

Vanquished Creatures
  Sigmund (D:4)
  A big kobold (D:4)
  Dowan (D:4)
  A howler monkey (D:4)
  Ijyb (D:4)
  3 orc wizards (D:4)
  2 worker ants
  3 gnolls (D:3)
  5 adders
  2 oozes
  2 adder skeletons (D:4)
  4 worms (D:2)
  A dart slug (D:3)
  4 leopard geckos
  8 orcs (D:4)
  5 giant cockroaches
  8 goblins
  6 hobgoblins
  3 jackals (D:2)
  6 kobolds
  2 quokkas
  4 bats
  6 frilled lizards
  A leopard gecko skeleton (D:4)
  6 rats
86 creatures vanquished.

Notes
Turn   | Place    | Note
-------+----------+-------------------------------------------
     0 | D:1      | Dantiko the Tengu Conjurer began the quest for the Orb.
     0 | D:1      | Reached XP level 1. HP: 10/10 MP: 4/4
   237 | D:1      | Reached XP level 2. HP: 15/15 MP: 4/6
   321 | D:1      | Reached skill level 6 in Conjurations
   332 | D:1      | Learned a level 2 spell: Searing Ray
   965 | D:1      | Reached XP level 3. HP: 19/19 MP: 5/7
  1295 | D:2      | Reached skill level 7 in Conjurations
  1553 | D:2      | Reached XP level 4. HP: 17/24 MP: 0/8
  2305 | D:2      | Reached skill level 8 in Conjurations
  2498 | D:3      | Gained mutation: You can fly continuously. [Tengu growth]
  2498 | D:3      | Reached XP level 5. HP: 10/28 MP: 1/9
  2819 | D:3      | Found a snail-covered altar of Cheibriados.
  3093 | D:4      | Noticed Ijyb
  3100 | D:4      | Killed Ijyb
  3160 | D:4      | Noticed a big kobold
  3523 | D:4      | Killed a big kobold
  3523 | D:4      | Reached skill level 9 in Conjurations
  3523 | D:4      | Reached XP level 6. HP: 7/32 MP: 2/11
  3749 | D:4      | Noticed Sigmund
  3756 | D:4      | Killed Sigmund
  3756 | D:4      | Reached XP level 7. HP: 24/36 MP: 3/13
  3994 | D:4      | Got an ichor-stained morningstar
  3996 | D:4      | Identified the +2 morningstar of the Dove {drain, MR++}
                  | (You found it on level 4 of the Dungeon)
  4096 | D:4      | Reached skill level 10 in Conjurations
  4158 | D:4      | Noticed Dowan
  4238 | D:4      | Killed Dowan
  4238 | D:4      | Noticed Duvessa
  4272 | D:4      | HP: 1/36 [Duvessa/+0 short sword (14)]
  4273 | D:4      | Mangled by Duvessa

Levels and vault maps discovered:
D:1:      scummos_arrival_star, layout_loops_corners
D:2:      layout_basic, minmay_randomly_rotated_circles
D:3:      layout_basic, kennysheep_slug_shrine, first_ration
D:4:      layout_basic, nrook_campfire, kennysheep_generic_room_8, uniq_sigmund,
          uniq_ijyb, uniq_duvessa

Skill      XL: |  1  2  3  4  5  6  7 |
---------------+----------------------+-----
Conjurations   | 6 7 8 9 10 | 10.0
Spellcasting   | 3 4 |  4.0
Dodging        | 3 |  3.5
Stealth        | |  2.0

Action                   |  1- 3 |  4- 6 |  7- 9 || total
-------------------------+-------+-------+-------++-------
Melee: Unarmed           |     2 |       |       ||     2
       Peck              |     3 |    12 |     3 ||    18
       Dagger            |    19 |    43 |       ||    62
       Kick              |     4 |     6 |     3 ||    13
       Rapier            |       |    24 |     4 ||    28
       Morningstar       |       |       |    11 ||    11
 Cast: Magic Dart        |    45 |    44 |    11 ||   100
       Searing Ray       |     4 |    14 |     8 ||    26
 Abil: Fly               |       |     1 |       ||     1
 Stab: Sleeping          |       |     3 |       ||     3
  Eat: Chunk             |     2 |    10 |     2 ||    14
Armor: Robe              |     3 |       |       ||     3
       Leather armour    |     7 |    34 |       ||    41
Dodge: Dodged            |    23 |    84 |    13 ||   120

Table legend:
 A = Non-vault XP
 B = Vault XP
 C = Vault XP percentage of total XP
 D = Non-vault monster count
 E = Vault monster count
 F = Vault count percentage of total count
                 A         B        C        D         E       F
            +---------+---------+-------+---------+---------+-------
      Total |     598 |     352 |  37.1 |      76 |      10 |  11.6
            +---------+---------+-------+---------+---------+-------
        D:1 |      35 |       0 |   0.0 |      16 |       0 |   0.0
        D:2 |     107 |      12 |  10.1 |      29 |       6 |  17.1
        D:3 |      99 |       4 |   3.9 |      11 |       1 |   8.3
        D:4 |     357 |     336 |  48.5 |      20 |       3 |  13.0
            +---------+---------+-------+---------+---------+-------
